 Dungeon Crawl Stone Soup version 0.27.1-33-g824d729ab1 (webtiles) character file.

Game seed: 576669481353186918

1787 13raion the Cleaver (level 8, -1/75 HPs)
             Began as a Minotaur Berserker on Dec 2, 2021.
             Was an Elder of Trog.
             Slain by an orc warrior (6 damage)
             ... on level 7 of the Dungeon.
             The game lasted 00:11:43 (6584 turns).

13raion the Cleaver (Minotaur Berserker)            Turns: 6584, Time: 00:11:46

Health: -1/75      AC:  7    Str: 25    XL:     8   Next: 82%
Magic:  7/7        EV: 11    Int:  4    God:    Trog [****..]
Gold:   225        SH:  0    Dex: 15    Spells: 7/7 levels left

rFire    . . .     SeeInvis .   a - +0 hand axe
rCold    . . .     Faith    .   (no shield)
rNeg     . . .     Spirit   .   j - +0 ring mail
rPois    +         Reflect  .   (helmet restricted)
rElec    .         Harm     .   (no cloak)
rCorr    .         Rampage  .   m - +1 pair of gloves
Will     .....                  (no boots)
Stlth    +.........             (no amulet)
HPRegen  0.22/turn              o - ring of poison resistance
MPRegen  0.10/turn              l - +6 ring of dexterity

@: marked, on berserk cooldown, slowed, very slow
A: horns 2, retaliatory headbutt
a: Renounce Religion, Berserk, Trog's Hand, Brothers in Arms


You were on level 7 of the Dungeon.
You worshipped Trog.
Trog was greatly pleased with you.
You visited 1 branch of the dungeon, and saw 7 of its levels.

You collected 225 gold pieces.

Inventory:

Hand Weapons
 a - a +0 hand axe (weapon)
Missiles
 n - a throwing net (quivered)
Armour
 b - a +0 animal skin
 j - a +0 ring mail (worn)
 m - a +1 pair of gloves (worn)
Jewellery
 l - a +6 ring of dexterity (right hand)
 o - a ring of poison resistance (left hand)
 u - a +4 ring of evasion
Wands
 p - a wand of flame (7)
Scrolls
 d - 2 scrolls of teleportation
 e - 3 scrolls of fog
 g - 2 scrolls of enchant armour
 v - a scroll of vulnerability {unknown}
 w - a scroll of blinking {unknown}
Potions
 c - 3 potions of ambrosia
 f - 3 potions of attraction {unknown}
 h - 3 potions of curing
 i - 2 potions of flight {unknown}
 k - a potion of haste {unknown}
 q - 3 potions of resistance
 r - a potion of brilliance {unknown}
 s - a potion of invisibility {unknown}
 t - a potion of magic {unknown}


   Skills:
 + Level 8.7 Fighting
 + Level 11.4 Axes
 - Level 2.4 Armour
 - Level 2.1 Dodging


You had 7 spell levels left.
You didn't know any spells.
Your spell library was empty.

Dungeon Overview and Level Annotations

Branches:
Dungeon (7/15)             Temple (0/1) D:6

Altars:
Wu Jian

Shops:
D:4 =

Annotations:
D:7 Dowan, Duvessa, Harold


Innate Abilities, Weirdness & Mutations

You have a pair of horns on your head.
You reflexively headbutt those who attack you in melee.


Message History

You feel yourself slow down.
Dowan, Brother of Duvessa comes into view.
He is wielding a +0 dagger.
The orc warrior hits you from afar with a +0 trident!
An ogre comes into view. It is wielding a +0 giant club.
The howler monkey hits you. The howler monkey closely misses you.
An orc comes into view. It is wielding a +0 hand axe.
You rip the net and break free!
The orc priest hits you but does no damage.
The orc warrior barely misses you. The howler monkey misses you.
You furiously retaliate!
You headbutt the howler monkey!
A howler monkey comes into view.
Duvessa, Sister of Dowan comes into view.
She is wielding a +0 vampiric short sword.
A hound comes into view.
The orc priest barely misses you. You furiously retaliate!
You headbutt the orc priest!
The orc warrior hits you from afar with a +0 trident.
The howler monkey barely misses you. You furiously retaliate!
You headbutt the howler monkey. You hit Harold but do no damage.
Your headbutt misses Harold. You hit the howler monkey.
You kill the howler monkey!
Trog accepts your kill.
You hit the orc priest but do no damage.
An orc priest comes into view. It is wielding a +0 falchion.
The orc priest mumbles some strange prayers to Beogh against you.
Pain shoots through your body!
* * * LOW HITPOINT WARNING * * *
The howler monkey closely misses you.
The orc warrior hits you from afar with a +0 trident!
* * * LOW HITPOINT WARNING * * *
Harold barely misses you. You furiously retaliate!
You headbutt Harold, but do no damage.
The howler monkey hits you but does no damage.
The howler monkey hoots and howls with incredible vigour!
The orc priest misses you. You furiously retaliate!
You headbutt the orc priest!
You kill the orc priest!
Trog accepts your kill.
You can now call in reinforcements.
The orc warrior hits you from afar with a +0 trident.
You die...

#####.####
#h@)o.....
#.h@)..####
#DO###.#
#e.# ..
#.e. ##
#oh# o..#


oo... You could see Harold, Duvessa, a steam dragon, 2 orc warriors, an ogre,
Dowan, 2 howler monkeys, a hound, an orc priest and 2 orcs.

Vanquished Creatures
  Grinder (D:5)
  A water moccasin (D:5)
  An ice beast (D:6)
  A sky beast (D:6)
  A centaur (D:5)
  A kobold brigand (D:7)
  A phantom (D:5)
  4 scorpions
  4 howler monkeys
  A bullfrog zombie (D:3)
  A hound (D:5)
  3 orc priests
  A bullfrog skeleton (D:5)
  A jelly (D:5)
  A gnoll shaman (D:6)
  3 iguanas
  3 orc wizards
  A hound skeleton (D:5)
  10 adders
  11 gnolls
  A white imp (D:5)
  3 worms (D:2)
  16 orcs
  4 bats
  4 endoplasms
  2 giant cockroaches (D:1)
  6 hobgoblins
  3 jackals (D:3)
  10 kobolds
  5 quokkas
  4 ball pythons
  4 frilled lizards
  4 goblins
  8 rats
125 creatures vanquished.

Vanquished Creatures (collateral kills)
  A hound (D:4)
  A ball python (D:4)
2 creatures vanquished.

Grand Total: 127 creatures vanquished

Notes
Turn   | Place    | Note
-------+----------+-------------------------------------------
     0 | D:1      | 13raion the Minotaur Berserker began the quest for the Orb.
     0 | D:1      | Reached XP level 1. HP: 19/19 MP: 0/0
    26 | D:1      | Found a faded altar of an unknown god.
   394 | D:1      | Reached skill level 4 in Axes
   394 | D:1      | Reached XP level 2. HP: 21/27 MP: 1/1
  1103 | D:1      | You fall into a shaft and drop 1 floor!
  1157 | D:2      | Reached XP level 3. HP: 34/34 MP: 2/2
  1183 | D:2      | Reached ** piety under Trog
  1405 | D:2      | Reached skill level 5 in Axes
  1405 | D:2      | Reached XP level 4. HP: 41/41 MP: 0/3
  1682 | D:3      | Reached skill level 5 in Fighting
  1851 | D:3      | Reached XP level 5. HP: 45/48 MP: 4/4
  1998 | D:3      | Reached skill level 6 in Axes
  2332 | D:3      | Reached *** piety under Trog
  2676 | D:4      | Reached XP level 6. HP: 52/57 MP: 5/5
  2766 | D:4      | Reached skill level 7 in Axes
  3066 | D:4      | Found Ehodwir's Jewellery Shop.
  3187 | D:4      | Reached skill level 8 in Axes
  3187 | D:4      | Reached XP level 7. HP: 27/64 MP: 6/6
  3733 | D:5      | Entered Level 5 of the Dungeon
  3883 | D:5      | Reached skill level 9 in Axes
  4234 | D:5      | Noticed Grinder
  4258 | D:5      | Killed Grinder
  4259 | D:5      | Reached XP level 8. HP: 48/73 MP: 7/7
  4805 | D:5      | Identified the +9 dagger of Abuse {vorpal, rPois rF+ rCorr
                  | Dex+4}
  4956 | D:5      | Reached skill level 10 in Axes
  5262 | D:6      | Found an ornate altar of the Wu Jian Council.
  5342 | D:6      | Found a staircase to the Ecumenical Temple.
  6065 | D:7      | Reached skill level 11 in Axes
  6078 | D:7      | Reached **** piety under Trog
  6572 | D:7      | Noticed Harold
  6581 | D:7      | Noticed Dowan
  6582 | D:7      | Noticed Duvessa
  6584 | D:7      | Slain by an orc warrior

Illustrated notes

Levels and vault maps discovered:
D:1:      dpeg_arrival_radiant, layout_basic, dreamdust_ecumenical_altar_grove
D:2:      layout_rooms
D:3:      layout_rooms, minivault_14
D:4:      layout_loops_ring, nicolae_take_the_stairs
D:5:      layout_basic, serial_glass, glass_columns_a, glass_columns_b,
          uniq_grinder
D:6:      layout_basic, mainiacjoe_overflow_surrounded_room,
          minmay_temple_entry_wispy
D:7:      lemuel_castle_with_subvaults [lemuel_castle_interior_carwin_1],
          layout_loops_cross, grunt_ministairs_1, hangedman_decor_riveting,
          uniq_duvessa, uniq_harold

Skill      XL: |  1  2  3  4  5  6  7  8 |
---------------+-------------------------+-----
Fighting       | 4 5 6 7 8 |  8.7
Axes           | 4 5 6 8 9 11 | 11.4
Armour         | |  2.4
Dodging        | |  2.1

Action                   |  1- 3 |  4- 6 |  7- 9 || total
-------------------------+-------+-------+-------++-------
Melee: Hand axe          |    76 |   129 |   145 ||   350
       Headbutt          |    22 |    16 |    43 ||    81
Invok: Berserk           |     1 |     1 |     3 ||     5
  Use: Scroll            |       |     7 |     2 ||     9
Armor: Animal skin       |     6 |       |       ||     6
       Ring mail         |     7 |    53 |    51 ||   111
Dodge: Dodged            |    46 |    74 |    63 ||   183
